Unix NetHack Version 5.0.0-0 post-release - last build May  4 2026 22:22:43 (774f63e81ad911689b3a0859ea89b322d5daca8d,branch:main).

Game began 2026-05-05 13:52:20, ended 2026-05-05 14:15:57.

GdeVolpiano, neutral female human Tourist

           ------
        ----.|..|
       --....)..|
       |.[[.....|
       |[[....|.|
       |*)..--|.|     ---
       --*<.| |.|  #---.--
        |.--- |.|---.....--  ---
        -.|   |.--..)....[----.--
         .|   |.....----........-
              ---[..---------..|
                |......|    |.--
                --.....---  |.|
                 ----....|  |.|..
                    ------  |....
                            |d-.-
                            |.p..
                            |@-..
                            |....
                            -----

GdeVolpiano the Sightseer   St:9 Dx:14 Co:12 In:14 Wi:9 Ch:18  Neutral
Dlvl:5  $:487 HP:0(39) Pw:15(15) AC:1  Xp:5 T:2162 

Latest messages:
 Winston misses the dog.
 You kill the newt!
 The dog bites!
 Winston misses the dog.
 You miss the dog.
 The dog bites!
 Winston misses the dog.
 Winston misses the dog.
 In what direction?
 The dart misses the dog.
 The dog bites!
 Winston misses the dog.
 The dog bites!
 In what direction?
 You kill the dog!
 a - 2 blessed +2 darts (at the ready) (25 in total).
 The hill orc hits!
 You hit the hill orc.
 Winston bites the hill orc.
 The hill orc hits Winston.
 Winston bites the hill orc.
 The hill orc is killed!
 Suddenly, you notice a rock piercer.
 Winston bites the rock piercer.
 The rock piercer misses Winston.
 Winston misses the rock piercer.
 Winston misses the rock piercer.
 Winston misses it.
 Winston misses it.
 Winston misses the rock piercer.
 Winston misses the rock piercer.
 In what direction?
 The dart hits the rock piercer!
 Winston misses the rock piercer.
 Winston misses the rock piercer.
 In what direction?
 The dart misses the rock piercer.
 Winston bites the rock piercer.
 The rock piercer bites Winston.
 You miss the rock piercer.
 You miss the rock piercer.
 You miss the rock piercer.
 You miss the rock piercer.
 You miss the rock piercer.
 You miss the rock piercer.
 You miss the rock piercer.
 You hit the rock piercer.
 The rock piercer bites!
 You die...
 Do you want your possessions identified? [ynq] (y)

Inventory:
 Coins    ('$')
  $ - 487 gold pieces
 Weapons  (')')
  a - 23 blessed +2 darts (at the ready)
  D - 7 +0 darts
  w - a blessed +0 dwarvish short sword (weapon in right hand)
 Armor    ('[')
  h - an uncursed +0 pair of jumping boots (being worn)
  Y - a blessed +1 cloak of displacement (being worn)
  C - an uncursed +0 dwarvish mithril-coat (being worn)
 Comestibles  ('%')
  c - 5 uncursed food rations
  F - an uncursed tripe ration
 Potions  ('!')
  g - an uncursed potion of extra healing
 Wands    ('/')
  S - a wand of digging (0:7)
  t - a wand of striking (0:5)
 Tools    ('(')
  J - a can of grease (0:19)
  l - an uncursed credit card
  H - an expensive camera (0:48)
  n - an uncursed leash
  B - an uncursed magic lamp (lit)
  G - a +0 pick-axe
  k - an uncursed skeleton key
  v - an uncursed tin opener
  m - an uncursed towel
 Gems/Stones  ('*')
  I - an uncursed worthless piece of black glass
  E - an uncursed worthless piece of green glass
  L - 2 uncursed worthless pieces of orange glass
  K - an uncursed worthless piece of yellowish brown glass

GdeVolpiano the Tourist's attributes:

Background:
 You were a Sightseer, a level 5 female human Tourist.
 You were neutral, nominally on a mission for The Lady
 who was opposed by Blind Io (lawful) and Offler (chaotic).
 You were right-handed.
 You were in the Gnomish Mines, on level 5.
 You entered the dungeon 2162 turns ago.
 You had 198 experience points, 122 more were needed to attain level 6.

Basics:
 You had 0 out of 39 hit points.
 You had all 15 energy points (spell power).
 Your armor class was 1.
 Your wallet contained 487 zorkmids.
 Autopickup was on for '$?!/="+' plus thrown, with exceptions.

Final Characteristics:
 Your strength was 9 (limit:18/100).
 Your dexterity was 14 (limit:18).
 Your constitution was 12 (limit:18).
 Your intelligence was 14 (limit:18).
 Your wisdom was 9 (limit:18).
 Your charisma was 18 (limit:18).

Final Status:
 You weren't hungry.
 You were unencumbered.
 You were wielding a short sword.
 You were unskilled in short sword.

Final Attributes:
 You were piously aligned.
 You were displaced.
 You could jump.
 You were guarded.
 You are dead.

Miscellaneous:
 You didn't encounter any bones levels.
 Total elapsed playing time was 23 minutes and 35 seconds.

Major events:
 Turn
    1: GdeVolpiano the neutral female human Tourist entered the dungeon
 1216: entered the Gnomish Mines
 1216: attained the rank of Sightseer (level 3)
 2162: killed by a rock piercer

You didn't know any spells.

Skills:
 Fighting Skills
   bare handed combat [Unskilled]
   two weapon combat  [Unskilled]
   riding             [Unskilled]
 Weapon Skills
   dagger             [Unskilled]
   knife              [Unskilled]
   axe                [Unskilled]
   pick-axe           [Unskilled]
   short sword        [Unskilled]
   broadsword         [Unskilled]
   long sword         [Unskilled]
   two-handed sword   [Unskilled]
   saber              [Unskilled]
   mace               [Unskilled]
   morning star       [Unskilled]
   flail              [Unskilled]
   hammer             [Unskilled]
   quarterstaff       [Unskilled]
   polearms           [Unskilled]
   spear              [Unskilled]
   trident            [Unskilled]
   lance              [Unskilled]
   bow                [Unskilled]
   sling              [Unskilled]
   crossbow           [Unskilled]
   dart               [Basic]
   shuriken           [Unskilled]
   boomerang          [Unskilled]
   whip               [Unskilled]
   unicorn horn       [Unskilled]
 Spellcasting Skills
   divination spells  [Unskilled]
   enchantment spells [Unskilled]
   escape spells      [Unskilled]

Voluntary challenges:
 Character rerolling was not enabled.
 You were an atheist.
 You never genocided any monsters.
 You never polymorphed an object.
 You never changed form.
 You used no wishes.
Achievements:
 You entered a shop.
 You entered the Gnomish Mines.
 You attained the rank of Sightseer.

 The Dungeons of Doom: levels 1 to 5
    Level 1: "vault"
       Some fountains.
    Level 2: "tempstash"
       A tool shop.
    Level 3:
       A fountain.
    Level 4:
       An armor shop, a grave.
       Stairs down to The Gnomish Mines.
    Level 5:
 The Gnomish Mines:
    Level 5: <- You were here.
       Final resting place for
          you, killed by a rock piercer.


Vanquished creatures:
  a small mimic
  a dog
 an imp
  2 gnome leaders
  3 dwarves
  2 hill orcs
  a centipede
  a hobbit
  4 manes
  3 giant rats
  a brown mold
  a yellow mold
  7 gnomes
  4 jackals
  a kobold
  a goblin
  2 sewer rats
  5 grid bugs
  2 lichens
  a kobold zombie
  4 newts
48 creatures vanquished.

No species were genocided or became extinct.

Game over:
                       ----------
                      /          \
                     /    REST    \
                    /      IN      \
                   /     PEACE      \
                  /                  \
                  |   GdeVolpiano    |
                  |      487 Au      |
                  | killed by a rock |
                  |     piercer      |
                  |                  |
                  |                  |
                  |       2026       |
                 *|     *  *  *      | *
        _________)/\\_//(\/(/\)/\//\/|_)_______

Aloha GdeVolpiano the Tourist...

You died in The Gnomish Mines on dungeon level 5 with 1265 points,
and 487 pieces of gold, after 2162 moves.
You were level 5 with a maximum of 39 hit points when you died.

